 Dungeon Crawl Stone Soup version 0.27.1 (webtiles) character file.

Game seed: 5884579055718945245

937 H0rd4k the Summoner (level 8, -10/52 HPs)
             Began as a Barachi Summoner on Aug 23, 2021.
             Was an Initiate of Qazlal.
             Shot with an arrow by a centaur warrior (19 damage)
             ... on level 8 of the Dungeon.
             The game lasted 00:17:15 (10049 turns).

H0rd4k the Summoner (Barachi Summoner)             Turns: 10049, Time: 00:17:16

Health: -10/52     AC:  3    Str: 10    XL:     8   Next: 12%
Magic:  16/17      EV: 12    Int: 24    God:    Qazlal [......]
Gold:   413        SH:  0    Dex: 12    Spells: 12/20 levels left

rFire    + . .     SeeInvis .   B - +5 dagger of Feseum {protect, *Slow Fly rF+ Will++}
rCold    . . .     Faith    .   (no shield)
rNeg     . . .     Spirit   .   a - +1 robe
rPois    .         Reflect  .   (no helmet)
rElec    .         Harm     .   (no cloak)
rCorr    .         Rampage  .   (no gloves)
Will     ++...                  (no boots)
Stlth    ++........             (no amulet)
HPRegen  0.17/turn              t - +6 ring of intelligence
MPRegen  0.15/turn              (no ring)

@: flying, slow
A: amphibious, slowness 1, strong legs 1, +LOS
a: Hop, Renounce Religion


You were on level 8 of the Dungeon.
You worshipped Qazlal.
Qazlal was noncommittal.
You visited 2 branches of the dungeon, and saw 9 of its levels.

You collected 413 gold pieces.

Inventory:

Hand Weapons
 g - a +3 dagger
 l - a +0 dagger of venom
 B - the +5 dagger of Feseum (weapon) {protect, *Slow Fly rF+ Will++}
   (You found it on level 7 of the Dungeon)

   It grants its wielder temporary protection when it strikes (+7 to AC).
   rF:        It protects you from fire.
   Fly:       It grants you flight.
   *Slow:     It may slow you when you take damage.
   Will:      It greatly increases your willpower.
Missiles
 k - 2 throwing nets
Armour
 a - a +1 robe (worn)
Magical Staves
 s - a staff of earth
Jewellery
 t - a +6 ring of intelligence (left hand)
Wands
 n - a wand of paralysis (14)
 p - a wand of mindburst (21)
 w - a wand of charming (2)
Scrolls
 b - 2 scrolls of amnesia
 c - 2 scrolls of blinking {unknown}
 d - 3 scrolls of enchant armour
 f - 3 scrolls of identify
 h - a scroll of magic mapping {unknown}
 j - a scroll of summoning {unknown}
 m - a scroll of fog {unknown}
 o - 2 scrolls of vulnerability {unknown}
 q - a scroll of noise {unknown}
 y - a scroll of torment {unknown}
Potions
 e - a potion of haste {unknown}
 i - a potion of heal wounds {unknown}
 r - a potion of lignification {unknown}
 u - a potion of brilliance {unknown}
 v - a potion of might {unknown}
 x - a potion of magic
 z - a potion of flight {unknown}
 A - a potion of berserk rage {unknown}


   Skills:
 + Level 0.2 Fighting
 + Level 2.3 Dodging
 - Level 1.7 Stealth
 * Level 6.5 Spellcasting
 * Level 8.7 Summonings
 * Level 2.2 Air Magic


You had 12 spell levels left.
You knew the following spells:

 Your Spells              Type           Power      Damage    Failure   Level
a - Summon Small Mammal   Summ           100%       N/A       1%          1
b - Call Canine Familiar  Summ           50%        N/A       1%          3
c - Summon Lightning Spi  Summ/Air       34%        N/A       8%          4

Your spell library contained the following spells:

 Spells                   Type           Power      Damage    Failure   Level
 Call Imp                 Summ           50%        N/A       1%          2
 Summon Guardian Golem    Hex/Summ       28%        N/A       3%          3


Dungeon Overview and Level Annotations

Branches:
Dungeon (7/15)             Temple (1/1) D:7

Altars:
Ashenzari
Cheibriados
Dithmenos
Elyvilon
Fedhas
Gozag
Hepliaklqana
Kikubaaqudgha
Makhleb
Nemelex Xobeh
Okawaru
Qazlal
Ru
Sif Muna
Trog
Uskayaw
Vehumet
Wu Jian
Xom
Yredelemnul
Zin
The Shining One

Shops:
D:6 ?

Annotations:
D:3 exclusion: 2 downstairs
D:5 1 exclusion
D:6 exclusions: necrophage and upstairs, Dowan, Duvessa
D:7 exclusion: centaur


Innate Abilities, Weirdness & Mutations

You are amphibious.
You cover ground slowly.
You can hop short distances.
You have an extended range of vision and can be seen from far away.


Message History

A wyvern and a centaur warrior come into view.
Found four items.
The wyvern hisses angrily.
The wyvern barely misses you. The centaur warrior hits you.
The centaur warrior kicks you.
As you read the scroll labelled YCYTZO WAFF, it crumbles to dust.
It is a scroll of amnesia.
Really abort (and waste the scroll)? [Y]es or [N]o only, please.
Really abort (and waste the scroll)?
Okay, then.
The wyvern closely misses you.
The centaur warrior barely misses you. x2
Your quokka barely misses the centaur warrior.
The centaur warrior hits you! The centaur warrior kicks you.
The wyvern bites you.
Unknown command.
As you read the scroll labelled HASUNI ZOEFYSU, it crumbles to dust.
It is a scroll of enchant armour.
Your +0 robe glows green for a moment.
The wyvern bites you but does no damage.
The centaur warrior hits you! The centaur warrior kicks you.
Your quokka bites the centaur warrior but does no damage.
Unknown command.
As you read the scroll labelled NIACKYCUOBA, it crumbles to dust.
It is a scroll of identify.
x - a potion of magic The wyvern closely misses you.
The centaur warrior hits you. The centaur warrior barely misses you.
Your quokka bites the centaur warrior.
The centaur warrior hits you! The centaur warrior kicks you.
* * * LOW HITPOINT WARNING * * *
The wyvern bites you.
* * * LOW HITPOINT WARNING * * *
Okay, then.
Unknown command.
Unknown command.
Unknown command.
Your quokka closely misses the centaur warrior.
The centaur warrior wields a +0 shortbow.
The centaur warrior shoots an arrow.
The arrow hits you!!
You die...

### ##+##
#[.(#c..#
#..Q#r..#
#?.)#.l@#
## ##+##


You could see a centaur warrior (ally target), a tengu conjurer, a wyvern and a
friendly quokka (summoned).

Vanquished Creatures
  A howler monkey (D:5)
  Ijyb (D:5)
  An endoplasm (D:3)
  A giant cockroach (D:3)
  A jackal (D:1)
  2 kobolds
  A ball python (D:2)
  2 bats
10 creatures vanquished.

Vanquished Creatures (collateral kills)
  Edmund (D:6)
  A sky beast (D:7)
  2 necrophages
  3 ogres
  4 scorpions
  A water moccasin skeleton (D:7)
  A jelly (D:7)
  A centaur zombie (D:5)
  A bullfrog zombie (D:6)
  4 hounds
  A gnoll shaman (D:4)
  A bullfrog skeleton (D:6)
  4 iguanas
  5 orc wizards
  A hound zombie (D:5)
  A howler monkey zombie (D:5)
  9 adders
  8 gnolls
  A white imp (D:6)
  2 worms
  2 dart slugs
  11 orcs
  5 ball pythons
  6 endoplasms
  2 giant cockroaches
  2 goblins
  9 hobgoblins
  3 jackals (D:1)
  3 quokkas
  6 bats
  2 frilled lizards
  11 kobolds
  3 rats
  A bush (D:4)
118 creatures vanquished.

Grand Total: 128 creatures vanquished

Notes
Turn   | Place    | Note
-------+----------+-------------------------------------------
     0 | D:1      | H0rd4k the Barachi Summoner began the quest for the Orb.
     0 | D:1      | Reached XP level 1. HP: 13/13 MP: 3/3
   291 | D:1      | Reached skill level 5 in Summonings
   532 | D:1      | Reached XP level 2. HP: 19/19 MP: 1/5
   914 | D:1      | Found a faded altar of an unknown god.
  2129 | D:2      | Reached XP level 3. HP: 22/24 MP: 1/7
  2139 | D:2      | Learned a level 3 spell: Call Canine Familiar
  2665 | D:2      | HP: 1/24 [poisoned by an adder]
  3427 | D:3      | Reached skill level 6 in Summonings
  3435 | D:3      | Reached XP level 4. HP: 16/30 MP: 1/8
  3606 | D:3      | Noticed a scorpion
  3618 | D:3      | Killed a scorpion
  4504 | D:4      | Noticed a scorpion
  4534 | D:4      | Killed a scorpion
  4535 | D:4      | Reached XP level 5. HP: 17/35 MP: 2/10
  4738 | D:4      | Noticed a +0 falchion
  4738 | D:4      | Noticed a +0 falchion
  4738 | D:4      | Noticed a +0 spear
  4738 | D:4      | Noticed a +0 short sword
  4739 | D:4      | Noticed a +0 dagger
  4739 | D:4      | Noticed a +0 short sword
  4739 | D:4      | Noticed a +0 dagger
  4778 | D:4      | Found a hide-covered altar of Uskayaw.
  4778 | D:4      | Noticed a +0 spear
  5821 | D:4      | Reached skill level 7 in Summonings
  6081 | D:5      | Entered Level 5 of the Dungeon
  6148 | D:5      | Noticed an ogre
  6160 | D:5      | Killed an ogre
  6161 | D:5      | Reached XP level 6. HP: 30/41 MP: 8/12
  6435 | D:5      | Noticed Ijyb
  6456 | D:5      | Killed Ijyb
  6584 | D:5      | Noticed a two-headed ogre
  6705 | D:6      | Learned a level 4 spell: Summon Lightning Spire
  6752 | D:6      | Reached skill level 5 in Spellcasting
  6816 | D:6      | Reached XP level 7. HP: 46/46 MP: 9/14
  7004 | D:6      | Reached skill level 8 in Summonings
  7096 | D:6      | Found Pocake's Magic Scroll Emporium.
  7251 | D:6      | Noticed Dowan
  7290 | D:6      | Noticed Duvessa
  7653 | D:6      | Noticed Edmund
  7729 | D:6      | Killed Edmund
  7730 | D:6      | Reached skill level 1 in Air Magic
  9408 | D:7      | Found a staircase to the Ecumenical Temple.
  9476 | Temple   | Entered the Ecumenical Temple
  9524 | Temple   | Became a worshipper of Qazlal Stormbringer
  9645 | D:7      | Reached XP level 8. HP: 52/52 MP: 14/17
  9854 | D:7      | Identified the +5 dagger of Feseum {protect, *Slow Fly rF+
                  | Will++}
 10044 | D:7      | You are sucked into a shaft and drop 1 floor!
 10044 | D:8      | Noticed a tengu conjurer
 10044 | D:8      | Noticed a centaur warrior
 10044 | D:8      | Noticed a wyvern
 10049 | D:8      | Shot with an arrow by a centaur warrior

Illustrated notes

Levels and vault maps discovered:
D:1:      dpeg_arrival_houses_and_road, layout_loops_ring,
          hellmonk_ecumenical_altar_zigzags, grunt_decor_resistance
D:2:      layout_basic
D:3:      layout_rooms
D:4:      layout_basic, nicolae_uskayaw_en_pointe, minmay_hedge_maze
D:5:      layout_cave_pods, uniq_ijyb
D:6:      layout_loops_ring, serial_shops, nicolae_square_shop, uniq_edmund,
          uniq_duvessa
D:7:      layout_basic, minmay_temple_entry_trees, kennysheep_generic_room_2
D:8:      layout_basic, kennysheep_big_empty_room, st_stairs_9,
          minmay_misc_feat_rows, minmay_evil_grid
Temple:   nicolae_temple_the_god_donut

Skill      XL: |  1  2  3  4  5  6  7 |
---------------+----------------------+-----
Summonings     | 5 6 7 8 |  8.7
Spellcasting   | 3 4 5 6 |  6.5
Air Magic      | 2 |  2.2
Fighting       | |  0.2
Dodging        | |  2.3
Stealth        | |  1.7

Action                   |  1- 3 |  4- 6 |  7- 9 || total
-------------------------+-------+-------+-------++-------
Melee: Unarmed           |    45 |     3 |       ||    48
       Dagger            |       |    25 |     5 ||    30
 Cast: Summon Small Mamm |   139 |    84 |    56 ||   279
       Call Canine Famil |     1 |    23 |    28 ||    52
 Abil: Hop               |     1 |       |       ||     1
  Use: Scroll            |       |       |     3 ||     3
 Stab: Distracted        |     1 |     2 |       ||     3
Armor: Robe              |    20 |     9 |     3 ||    32
Dodge: Dodged            |    53 |    23 |    16 ||    92
